 Dungeon Crawl Stone Soup version 0.27-a0-1139-g28e009f8a6 (webtiles) character file.

Game seed: 9510325227363863251

438 leviel the Ruffian (level 6, 0/61 HPs)
             Began as a Troll Monk on May 7, 2021.
             Slain by a wight
             ... wielding a +2 mace of protection
              (9 damage)
             ... on level 6 of the Dungeon.
             The game lasted 00:03:54 (2155 turns).

leviel the Ruffian (Troll Monk)                     Turns: 2155, Time: 00:03:55

Health: 0/61       AC:  4    Str: 22    XL:     6   Next: 69%
Magic:  5/5        EV: 10    Int:  6    God:
Gold:   167        SH:  0    Dex: 12    Spells: 5/5 levels left

rFire    . . .     SeeInvis .     - Unarmed
rCold    . . .     Faith    .   (no shield)
rNeg     . . .     Spirit   .   a - +0 robe
rPois    .         Reflect  .   (helmet restricted)
rElec    .         Harm     .   (no cloak)
rCorr    .         Rampage  .   (gloves unavailable)
Will     .....                  (boots unavailable)
Stlth    ++........             (no amulet)
HPRegen  1.20/turn              (no ring)
MPRegen  0.09/turn              (no ring)

@: no status effects
A: large, unfitting armour, claws 3, regeneration 1, shaggy fur 1, tough skin 1
a: no special abilities


You were on level 6 of the Dungeon.
You visited 1 branch of the dungeon, and saw 4 of its levels.

You collected 167 gold pieces.

Inventory:

Armour
 a - a +0 robe (worn)
Jewellery
 f - a ring of resist corrosion
Scrolls
 c - a scroll of noise
 i - a scroll of silence {unknown}
Potions
 b - a potion of heal wounds
 e - a potion of lignification
 g - 2 potions of attraction
 h - a potion of flight {unknown}


   Skills:
 * Level 3.6 Fighting
 + Level 3.6 Dodging
 + Level 1.7 Stealth
 + Level 5.5 Unarmed Combat


You had 5 spell levels left.
You didn't know any spells.
Your spell library contained the following spells:

 Spells                   Type           Power      Damage    Failure   Level
 Foxfire                  Conj/Fire      0%         2x1d4     45%         1
 Conjure Flame            Conj/Fire      0%         6-21      83%         3
 Inner Flame              Hex/Fire       0%         N/A       83%         3
 Sticky Flame             Conj/Fire      0%         2d3       99%         4
 Fireball                 Conj/Fire      0%         3d3       100%        5


Dungeon Overview and Level Annotations

Branches:
Dungeon (3/15)

Altars:
Dithmenos
Gozag

Shops:
D:1 [


Innate Abilities, Weirdness & Mutations

You are too large for most types of armour.
You have claws for hands.
Your natural rate of healing is unusually fast.
You are covered in fur. (AC +1)
You have tough skin. (AC +1)


Message History

A wight comes into view. It is wielding a +0 flail.
A wight comes into view. It is wielding a +3 spear.
You hear the brisk hiss of a very distant avalanche of sand.
Things that are here:
a +2 spear; a gnoll corpse You hear the quick hiss of a very distant avalanche of sand.
You now have 167 gold pieces (gained 14).
There is a stone staircase leading down here.
A wight is nearby!
You hear the quick hiss of a very distant avalanche of sand.
Found a stone staircase leading down.
There is a stone staircase leading down here.
Found an escape hatch in the ceiling.
The steam dragon hisses angrily.
The wight hits you with a +0 flail.
You feel drained. The wight blocks your attack.
The wight hits you with a +0 flail! The wight blocks your attack.
The wight hits you from afar with a +3 spear.
You feel drained. The wight hits you with a +0 flail.
You closely miss the wight.
The wight hits you from afar with a +3 spear!
The wight hits you with a +0 flail!
You claw the wight!
The wight is severely damaged.
You claw the wight!
You destroy the wight!
The wight hits you but does no damage. The steam dragon breathes steam at you.
The ball of steam misses you.
Your life force feels restored.
You scratch the wight but do no damage.
You are engulfed in a cloud of scalding steam.
The wight hits you from afar with a +3 spear.
The steam dragon bites you!
* * * LOW HITPOINT WARNING * * *
The steam dragon misses you.
The wight hits you with a +2 mace of protection.
* * * LOW HITPOINT WARNING * * *
The wight hits you with a +2 mace of protection!
You die...

z..>....##.######..####..#.#####.
##............# #..####.......##.
##..###..#.##.# #......>##.##.##.
.....<#..#.##.# ##.#######.#...#.
.#..#......##.####.### #.......
....###..###.........## ###...##
.........###..###.....# #...#
......................######...##
.#####........##@................
....##........zDz................
.##.##...............).....).....
........................##.#....#
###.############.......###.#....#
#.# #............## #.#....# #.#
#.#####..##### #.#....# #.######.
####..# #.#....#
##......#.##.....#


You could see a steam dragon (catching breath) and 2 wights.

Vanquished Creatures
  A necrophage (D:6)
  A wight (D:6)
  A gnoll shaman (D:6)
  2 hounds (D:6)
  A centaur skeleton (D:6)
  3 iguanas (D:6)
  Terence (D:2)
  4 gnolls (D:6)
  2 adders
  2 worms (D:2)
  An orc (D:6)
  2 ball pythons
  3 endoplasms
  A giant cockroach (D:2)
  3 goblins
  A hobgoblin (D:1)
  3 jackals (D:3)
  A quokka (D:1)
  A bat (D:3)
  A frilled lizard (D:2)
  6 kobolds
  5 rats
46 creatures vanquished.

Notes
Turn   | Place    | Note
-------+----------+-------------------------------------------
     0 | D:1      | leviel the Troll Monk began the quest for the Orb.
     0 | D:1      | Reached XP level 1. HP: 22/22 MP: 0/0
    80 | D:1      | Found a faded altar of an unknown god.
   230 | D:1      | Reached XP level 2. HP: 29/29 MP: 1/1
   233 | D:1      | Found Joahap's Antique Armour Shoppe.
   846 | D:2      | Reached XP level 3. HP: 36/36 MP: 2/2
  1206 | D:2      | Noticed Terence
  1216 | D:2      | Killed Terence
  1445 | D:3      | Reached XP level 4. HP: 44/44 MP: 3/3
  1502 | D:3      | You fall into a shaft and drop 3 floors!
  1513 | D:6      | Noticed a necrophage
  1538 | D:6      | Reached skill level 4 in Unarmed Combat
  1592 | D:6      | Reached XP level 5. HP: 30/53 MP: 4/4
  1624 | D:6      | Killed a necrophage
  1625 | D:6      | Reached skill level 5 in Unarmed Combat
  1645 | D:6      | Found a shadowy altar of Dithmenos.
  1671 | D:6      | Reached XP level 6. HP: 28/61 MP: 0/5
  1823 | D:6      | Found an opulent altar of Gozag.
  1950 | D:6      | Noticed a steam dragon
  2155 | D:6      | Slain by a wight

Illustrated notes

Levels and vault maps discovered:
D:1:      minmay_arrival_semitransparent, layout_loops_cross, serial_shops,
          nicolae_shop_statue_plus, ebering_ecumenical_altar_sacrificial
D:2:      layout_loops_cross, uniq_terence
D:3:      layout_basic, uniq_crazy_yiuf_cottage
D:6:      layout_loops_cross, grunt_gozag_breadcrumbs, lemuel_tele_altar,
          enter_ossuary_3

Skill      XL: |  1  2  3  4  5 |
---------------+----------------+-----
Fighting       | 3 |  3.6
Dodging        | 3 |  3.6
Unarmed Combat | 4 5 |  5.5
Stealth        | |  1.7

Action                   |  1- 3 |  4- 6 || total
-------------------------+-------+-------++-------
Melee: Unarmed           |    79 |    84 ||   163
       Punch             |     2 |     1 ||     3
  Use: Scroll            |       |     4 ||     4
 Stab: Sleeping          |     1 |     2 ||     3
Armor: Robe              |    17 |    23 ||    40
Dodge: Dodged            |    35 |    67 ||   102

Table legend: (Time is in decaauts)
 A = Elapsed time spent in this place.
 B = Non-inter-level travel time spent in this place.
 C = Inter-level travel time spent in this place.
 D = Time resting spent in this place.
 E = Time spent auto-exploring this place.
 F = Levels seen in this place.
 G = Mean time per level.
                   A        B        C        D        E       F      G
               +--------+--------+--------+--------+--------+-----+--------+
         Total |   2141 |   2054 |     87 |     19 |   1468 |   4 |  535.2 |
       Dungeon |   2141 |   2054 |     87 |     19 |   1468 |   4 |  535.2 |
               +--------+--------+--------+--------+--------+-----+--------+

Top non-repeatable levels by time:
     D:2: 733 daAuts
     D:1: 658 daAuts
     D:6: 645 daAuts
     D:3: 104 daAuts
